 Dungeon Crawl Stone Soup version 0.31-a0-369-g8eba5f6939 (webtiles) character file.

Game seed: 328580908838406599

23873 promet the Grappler (level 12, -2/111 HPs)
             Began as a Troll Fighter on July 28, 2023.
             Was a Believer of Wu Jian.
             Slain by a 12-headed hydra (12 damage)
             ... on level 2 of the Lair of Beasts.
             The game lasted 01:57:51 (19824 turns).

promet the Grappler (Troll Fighter)                Turns: 19824, Time: 01:57:51

Health: -2/111     AC:  9    Str: 26      XL:     12   Next: 75%
Magic:  11/11      EV: 11    Int:  6 (7)  God:    Wu Jian [**....]
Gold:   454        SH: 11    Dex: 13      Spells: 10/11 levels left

rFire   . .          .
                       - Unarmed
rCold   + . .        g - +1 kite shield
rNeg    . . .        W - +2 robe {rC+}
rPois   +            G - +2 hat {SInv}
rElec   .            C - scarf {shadows}
rCorr   .            (gloves unavailable)
SInv    +            (boots unavailable)
Will    .....        q - amulet of faith
Stlth   ++           u - ring of poison resistance
HPRegen 1.18/turn    V - ring of poison resistance
MPRegen 0.12/turn

%: faith
@: about to teleport
A: large, unfitting armour, claws 3, regeneration 1, shaggy fur 2, tough skin 1,
agile 1, deterioration 1
a: Renounce Religion, Wall Jump


You were on level 2 of the Lair of Beasts.
You worshipped Wu Jian.
Wu Jian was pleased with you.
You visited 3 branches of the dungeon, and saw 13 of its levels.

You collected 816 gold pieces.
You spent 362 gold pieces at shops.

Inventory:

Hand Weapons
 b - a +4 sling of draining
 e - a +2 spear of venom
 j - a +0 vampiric scythe
 t - a +0 lajatang
 A - a +0 quarterstaff of holy wrath
 H - a +2 orcbow of freezing
 I - a +0 rapier of draining
 K - a +2 dagger of venom
 M - a +0 vampiric battleaxe
 N - a +2 orcbow of draining
 O - a +0 flail
 X - a +3 scimitar of flaming
Missiles
 c - a throwing net
 d - 129 stones
 l - 40 poisoned darts
 y - 2 boomerangs
Armour
 a - a scarf of invisibility
 g - a +1 kite shield (worn)
 C - a scarf of shadows (worn)
 G - a +2 hat of see invisible (worn)
 L - a +2 hat
 W - a +2 robe of cold resistance (worn)
Magical Staves
 n - a staff of air
Jewellery
 f - a ring of positive energy
 k - a ring of resist corrosion
 q - an amulet of faith (around neck)
 u - a ring of poison resistance (left claw)
 v - a ring of fire
 z - an amulet of reflection
 Q - a ring of ice
 V - a ring of poison resistance (right claw)
Talismans
 r - a beast talisman
Wands
 x - a wand of flame (38)
 E - a wand of acid (1)
 R - a wand of digging (3)
 T - a wand of paralysis (2)
Scrolls
 h - 2 scrolls of revelation
 p - 4 scrolls of vulnerability
 w - 2 scrolls of immolation
 D - a scroll of fog
 F - a scroll of poison
 J - a scroll of summoning {unknown}
 P - a scroll of identify
 S - a scroll of teleportation
 Y - a scroll of amnesia
Potions
 m - 3 potions of mutation
 o - a potion of invisibility
 s - 3 potions of lignification
 B - 2 potions of might
 U - a potion of curing
Miscellaneous
 i - a sack of spiders (quivered)


   Skills:
 + Level 5.4 Fighting
 + Level 4.8 Ranged Weapons
 + Level 1.6 Throwing
 + Level 6.3 Dodging
 + Level 3.1 Stealth
 + Level 7.5 Shields
 + Level 13.1 Unarmed Combat
 * Level 7.1 Evocations


You had 10 spell levels left.
You knew the following spells:

 Your Spells              Type           Power      Damage    Failure   Level
a - Freeze                Ice            0%         1d3       65%         1

Your spell library contained the following spells:

 Spells                   Type           Power      Damage    Failure   Level
 Cigotuvi's Dreadful Rot  Necr/Pois/Air  0%         N/A       80%         2
 Ensorcelled Hibernation  Hex/Ice        0%         N/A       80%         2
 Passwall                 Tmut/Erth      0%         N/A       80%         2
 Sublimation of Blood     Necr           0%         N/A       80%         2
 Frozen Ramparts          Ice            0%         1d1       95%         3
 Hailstorm                Conj/Ice       0%         3d3       95%         3
 Ignite Poison            Fire/Tmut/Pois 0%         N/A       95%         3
 Inner Flame              Hex/Fire       0%         N/A       95%         3
 Swiftness                Air            0%         N/A       95%         3
 Vhi's Electric Charge    Tloc/Air       0%         N/A       95%         3
 Dispel Undead            Necr           0%         3d6       100%        4
 Flame Wave               Conj/Fire      0%         2d4       100%        4
 Sticky Flame             Conj/Fire      0%         2d3       100%        4
 Arcjolt                  Conj/Air       0%         1d10      100%        5
 Fireball                 Conj/Fire      0%         3d3       100%        5
 Freezing Cloud           Conj/Ice/Air   0%         6-21      100%        5
 Iskenderun's Battlesphe  Conj           0%         2d6       100%        5
 Summon Forest            Summ/Tloc      0%         N/A       100%        5
 Summon Mana Viper        Hex/Summ       0%         N/A       100%        5
 Conjure Ball Lightning   Conj/Air       0%         3x3d6     100%        6
 Summon Cactus Giant      Summ           0%         N/A       100%        6
 Haunt                    Necr/Summ      0%         N/A       100%        7
 Orb of Destruction       Conj           0%         9d5       100%        7
 Maxwell's Capacitive Co  Air            0%         ∞         100%        8


Dungeon Overview and Level Annotations

Branches:
Dungeon (10/15)            Temple (1/1) D:5            Lair (2/5) D:10
  Swamp (0/4) Lair:2          Orc (0/2) D:10
  Snake: Lair:2-3    Spider: Lair:2-3

Altars:
Ashenzari
Cheibriados
Dithmenos
Elyvilon
Fedhas
Gozag
Hepliaklqana
Kikubaaqudgha
Makhleb
Nemelex Xobeh
Okawaru
Qazlal
Ru
Sif Muna
Trog
Uskayaw
Vehumet
Wu Jian
Xom
Yredelemnul
Zin
The Shining One

Shops:
D:5 *   D:10 !

Annotations:
D:2 1 runed translucent door, Crazy Yiuf
D:6 exclusion: statue
D:8 2 transporters
D:10 3 runed translucent doors, amoryguerra's ghost, journeyman MiBe


Innate Abilities, Weirdness & Mutations

You are too large for most types of armour.
You have claws for hands.
Your natural rate of healing is unusually fast.
You are covered in thick fur. (AC +2)
You have tough skin. (AC +1)
You are agile. (Dex +4, Str/Int -1)
Your body sometimes deteriorates upon taking damage.


Message History

The ten-headed hydra is heavily wounded.
You block the ten-headed hydra's attack.
The ten-headed hydra bites you but does no damage. x2
The ten-headed hydra bites you.
You block the ten-headed hydra's attack. x2
The ten-headed hydra barely misses you. The ten-headed hydra bites you. x2
You block the ten-headed hydra's attack.
You tear one of the ten-headed hydra's heads off!
The nine-headed hydra grows two more!
You mangle the 11-headed hydra!!
The 11-headed hydra is severely wounded.
You block the 11-headed hydra's attack. The 11-headed hydra bites you! x2
The 11-headed hydra barely misses you.
The 11-headed hydra bites you but does no damage.
The 11-headed hydra completely misses you.
You block the 11-headed hydra's attack. x2; The 11-headed hydra bites you!
The 11-headed hydra bites you. You block the 11-headed hydra's attack.
You rip one of the 11-headed hydra's heads off!
The ten-headed hydra grows two more!
You claw the 12-headed hydra!
The 12-headed hydra is severely wounded.
The 12-headed hydra bites you! The 12-headed hydra barely misses you.
The 12-headed hydra closely misses you. You block the 12-headed hydra's attack.
The 12-headed hydra bites you.
The 12-headed hydra bites you but does no damage. x2
The 12-headed hydra bites you!
* * * LOW HITPOINT WARNING * * *
The 12-headed hydra bites you but does no damage. x2
The 12-headed hydra bites you!
* * * LOW HITPOINT WARNING * * *
The 12-headed hydra bites you but does no damage.
As you read the scroll of teleportation, it crumbles to dust.
You feel strangely unstable. The 12-headed hydra bites you!
* * * LOW HITPOINT WARNING * * *
You block the 12-headed hydra's attack.
The 12-headed hydra bites you but does no damage.
You block the 12-headed hydra's attack. x2
The 12-headed hydra bites you but does no damage.
The 12-headed hydra bites you.
* * * LOW HITPOINT WARNING * * *
The 12-headed hydra bites you!
You die...

# ##.......#####.#F###
###..##.#.#.#.[)#.#.#
..#..#.#.####..#.#..#
###...........#.#...##
.###.#######.#.#.....#
####.#....P#.#.#.#..#◎#
##.#.#.###.#.#.FS##.##..
.....#.'.#.'...#D##...#...
.#...#.###.#.#.#@##.[##.#.
###.[#.....#.#.#..###.
.##..#######.....#..###
##.#.†................
>...##....#.....#######
...#####.###...## ...#.#
#....<### ....####....##
~♣~........##


You could see a 12-headed hydra, a black mamba and a cane toad.

Vanquished Creatures
  Gastronok (Lair:1)
  Fannar (Lair:1)
  Erica (Lair:1)
  A boulder beetle (Lair:2)
  A skyshark (Lair:2)
  Amaemon (Lair:1)
  A bog body (Lair:1)
  Joseph (D:7)
  2 black mambas
  An orange demon (Lair:1)
  6 cane toads
  2 rime drakes
  7 komodo dragons
  2 hornets
  3 trolls
  A troll (shapeshifter) (D:8)
  Prince Ribbit (D:9)
  12 blink frogs
  A slime creature (D:8)
  A spriggan (D:9)
  Sigmund (D:2)
  A shadow (D:10)
  3 wraiths (D:8)
  19 yaks
  2 basilisks
  Eustachio (D:5)
  A steam dragon (D:9)
  3 acid dragons
  7 water moccasins
  4 ice beasts
  9 orc warriors
  2 black bears
  3 centaurs
  3 sky beasts
  4 kobold brigands
  5 phantoms
  2 gnoll sergeants (D:9)
  3 scorpions
  9 bullfrogs
  4 wights
  3 killer bees (D:6)
  3 howler monkeys
  3 hounds
  10 orc priests
  4 jellies
  11 orc wizards
  Robin (D:2)
  11 gnolls
  8 adders
  A shadow imp (D:7)
  A white imp (D:5)
  An ufetubus (D:5)
  2 worms
  4 dart slugs
  61 orcs
  6 ball pythons
  2 endoplasms
  6 giant cockroaches
  16 goblins
  17 hobgoblins
  2 jackals (D:3)
  8 quokkas
  13 bats
  A frilled lizard (D:1)
  18 kobolds
  8 rats
354 creatures vanquished.

Vanquished Creatures (collateral kills)
  A bullfrog (Lair:1)
  An electric eel (Lair:1)
2 creatures vanquished.

Vanquished Creatures (others)
  A howler monkey (D:7)
1 creature vanquished.

Grand Total: 357 creatures vanquished

Notes
Turn   | Place    | Note
-------+----------+-------------------------------------------
     0 | D:1      | promet the Troll Fighter began the quest for the Orb.
     0 | D:1      | Reached XP level 1. HP: 22/22 MP: 0/0
   186 | D:1      | Reached XP level 2. HP: 29/29 MP: 1/1
  1090 | D:2      | Reached XP level 3. HP: 36/36 MP: 2/2
  1296 | D:2      | Noticed Sigmund
  1396 | D:2      | You fall into a shaft and drop 2 floors!
  1406 | D:4      | Noticed a phantom
  1422 | D:3      | Found a glowing drain.
  1599 | D:3      | Reached skill level 3 in Unarmed Combat
  1643 | D:2      | Noticed Robin
  1650 | D:2      | Killed Robin
  1651 | D:2      | Reached XP level 4. HP: 35/44 MP: 3/3
  1798 | D:2      | Found a runed translucent door.
  1799 | D:2      | Noticed Crazy Yiuf
  1926 | D:2      | Reached XP level 5. HP: 21/52 MP: 4/4
  2178 | D:2      | Gained mutation: Your body sometimes deteriorates upon
                  | taking damage. [potion of mutation]
  2178 | D:2      | Gained mutation: You are covered in thick fur. (AC +2)
                  | [potion of mutation]
  2178 | D:2      | Gained mutation: You are agile. (Dex +4, Str/Int -1)
                  | [potion of mutation]
  2187 | D:2      | Killed Sigmund
  2188 | D:2      | Reached skill level 4 in Unarmed Combat
  2188 | D:2      | Reached skill level 1 in Evocations
  2188 | D:2      | Reached XP level 6. HP: 19/59 MP: 5/5
  2805 | D:4      | Reached skill level 1 in Ranged Weapons
  3015 | D:3      | Found a hide-covered altar of Uskayaw.
  3090 | D:3      | Reached skill level 5 in Unarmed Combat
  3090 | D:3      | Reached XP level 7. HP: 67/67 MP: 6/6
  3724 | D:3      | Found a burning altar of Makhleb.
  4617 | D:5      | Entered Level 5 of the Dungeon
  4627 | D:5      | Got the Compendium of Darkness and Summoning
  4685 | D:5      | Noticed Eustachio
  4700 | D:5      | Killed Eustachio
  4701 | D:5      | Reached skill level 6 in Unarmed Combat
  4701 | D:5      | Reached XP level 8. HP: 55/66 MP: 7/7
  4741 | D:5      | Reached skill level 1 in Stealth
  4808 | D:5      | Found a staircase to the Ecumenical Temple.
  5103 | D:5      | Found a shimmering altar of Xom.
  5395 | D:5      | Found a white marble altar of Elyvilon.
  5428 | D:5      | Found Roste's CLEARANCE SALE!.
  5446 | D:5      | Bought a potion of curing for 12 gold pieces
  5446 | D:5      | Bought a wand of acid (8) for 134 gold pieces
  5572 | Temple   | Entered the Ecumenical Temple
  5767 | D:6      | Reached skill level 7 in Unarmed Combat
  6324 | D:6      | Found a radiant altar of Vehumet.
  6853 | D:6      | Found a broken altar of Ashenzari.
  7172 | D:7      | Reached skill level 8 in Unarmed Combat
  7172 | D:7      | Reached XP level 9. HP: 83/83 MP: 8/8
  7318 | D:7      | Found an iron altar of Okawaru.
  7425 | D:7      | HP: 2/55 [orc/bolt of acid (9)]
  8201 | D:7      | Noticed Joseph
  8223 | D:7      | Killed Joseph
  8799 | D:8      | Found a transporter.
  8948 | D:8      | Reached skill level 9 in Unarmed Combat
  8974 | D:8      | Found a transporter.
  9043 | D:8      | a culicivora changed into a troll
  9043 | D:8      | Noticed a troll (shapeshifter)
  9047 | D:8      | Killed a troll
  9242 | D:8      | Reached XP level 10. HP: 69/92 MP: 9/9
  9423 | D:8      | Found a sand-covered staircase.
  9815 | D:8      | Reached skill level 1 in Throwing
 10206 | D:8      | Found a snail-covered altar of Cheibriados.
 10634 | D:9      | Noticed Prince Ribbit
 10646 | D:9      | Killed Prince Ribbit
 10647 | D:9      | Reached skill level 10 in Unarmed Combat
 11084 | D:9      | Reached skill level 5 in Shields
 11755 | D:9      | Found a bloodstained altar of Trog.
 11755 | D:9      | Found a faded altar of an unknown god.
 11763 | D:9      | Found a hazy altar of Hepliaklqana.
 11766 | D:9      | Found a faded altar of an unknown god.
 11768 | D:9      | Found a shadowy altar of Dithmenos.
 11841 | D:9      | Found a shimmering blue altar of Sif Muna.
 12101 | D:10     | Entered Level 10 of the Dungeon
 12360 | D:10     | Reached skill level 5 in Evocations
 12509 | D:10     | Found a runed translucent gate.
 12510 | D:10     | Found a runed translucent gate.
 12511 | D:10     | Found a runed translucent gate.
 12511 | D:10     | Noticed a nine-headed hydra
 12511 | D:10     | Noticed amoryguerra's ghost (journeyman MiBe)
 12684 | D:10     | Reached XP level 11. HP: 67/101 MP: 10/10
 13109 | D:10     | Found a staircase to the Orcish Mines.
 13587 | D:10     | Found Awittimi's Distillery.
 13597 | D:10     | Bought a potion of curing for 36 gold pieces
 13597 | D:10     | Bought a potion of invisibility for 96 gold pieces
 13597 | D:10     | Bought a potion of curing for 36 gold pieces
 13597 | D:10     | Bought a potion of might for 48 gold pieces
 13669 | D:10     | Found a staircase to the Lair.
 13753 | D:10     | Reached skill level 11 in Unarmed Combat
 13932 | D:10     | Found an ornate altar of the Wu Jian Council.
 13943 | D:10     | Became a worshipper of the Wu Jian Council
 14079 | D:10     | Found a sacrificial altar of Ru.
 14213 | Lair:1   | Entered Level 1 of the Lair of Beasts
 14213 | Lair:1   | Noticed Amaemon
 14213 | Lair:1   | Noticed Fannar
 14367 | Lair:1   | Killed Fannar
 14765 | Lair:1   | Killed Amaemon
 14766 | Lair:1   | Reached skill level 5 in Dodging
 14989 | Lair:1   | Noticed Erica
 15005 | Lair:1   | Killed Erica
 15153 | Lair:1   | Learned a level 1 spell: Freeze
 15686 | Lair:1   | Reached * piety under Wu Jian
 16045 | Lair:1   | Reached skill level 12 in Unarmed Combat
 16064 | Lair:1   | Noticed Gastronok
 16077 | Lair:1   | Killed Gastronok
 16078 | Lair:1   | Reached XP level 12. HP: 110/110 MP: 11/11
 16890 | Lair:2   | Reached skill level 5 in Fighting
 17834 | Lair:2   | Found a staircase to the Swamp.
 18324 | Lair:2   | Reached ** piety under Wu Jian
 18449 | Lair:2   | Upgraded the game from 0.31-a0-365-gcf821cafb2 to
                  | 0.31-a0-369-g8eba5f6939
 18876 | Lair:2   | Noticed an eight-headed hydra
 18876 | Lair:2   | Noticed a boulder beetle
 18986 | Lair:2   | Killed a boulder beetle
 19167 | Lair:2   | Reached skill level 13 in Unarmed Combat
 19824 | Lair:2   | Slain by a 12-headed hydra

Illustrated notes

Levels and vault maps discovered:
D:1:      tarquinn_simple_flora_water_c, layout_basic
D:2:      layout_basic, minmay_misc_feat_alley, st_stairs_11,
          minmay_box_of_dots, uniq_sigmund, uniq_crazy_yiuf_cottage, uniq_robin
D:3:      layout_loops_ring, mainiacjoe_overflow_tiny_flanked,
          mainiacjoe_overflow_alcove_1, cheibrodos_sewer_entry_sluice
D:4:      layout_cave_pools, minmay_fractal_squares_gapless_5
D:5:      layout_rooms, marbit_many_paths, mainiacjoe_overflow_paths,
          minmay_temple_entry_statues_fountains, nicolae_shop_clearance,
          uniq_eustachio
D:6:      layout_basic, lemuel_tele_altar, vehumet_statue
D:7:      layout_basic, kennysheep_little_box, uniq_joseph
D:8:      cheibrodos_fzero, layout_basic, slow_altar_2,
          nicolae_ossuary_entry_monument, nicolae_diode_stairs
D:9:      old_forge, layout_loops_cross, tgw_sif,
          chequers_temple_overflow_minitemple, special_room [special_room_orc],
          the_hattery, uniq_prince_ribbit1
D:10:     layout_roguey, mainiacjoe_overflow_chevrons,
          pdpol_wu_jian_five_deadly_venoms, lair_entry_dummy,
          david_orc_1_choice, serial_shops, shop, gammafunk_ghost_hydra_chop
Temple:   hellmonk_temple_micro_hex
Lair:1:   layout_cave_pods, serial_bayou_shore_a, uniq_amaemon, uniq_gastronok,
          uniq_fannar, uniq_erica
Lair:2:   layout_hall_layers, skrybe_swamp_entry_bodies, minmay_shattered_shrine

Skill      XL: |  1  2  3  4  5  6  7  8  9 10 11 12 |
---------------+-------------------------------------+-----
Shields        | 3 4 5 6 7 |  7.5
Unarmed Combat | 3 4 5 6 8 9 10 12 13 | 13.1
Dodging        | 3 4 5 6 |  6.3
Evocations     | 1 2 3 4 5 6 7 |  7.1
Fighting       | 3 4 5 |  5.4
Ranged Weapons | 1 2 3 4 |  4.8
Stealth        | 1 2 3 |  3.1
Throwing       | 1 |  1.6

Action                     |  1- 3 |  4- 6 |  7- 9 | 10-12 || total
---------------------------+-------+-------+-------+-------++-------
  Melee: Unarmed           |    94 |   131 |   278 |   634 ||  1137
         Spear             |       |     7 |       |       ||     7
         Dagger            |       |       |       |     1 ||     1
   Fire: Sling             |    20 |    12 |    88 |   124 ||   244
  Throw: Dart              |       |     3 |     6 |    19 ||    28
         Boomerang         |       |       |       |     4 ||     4
         Throwing net      |       |       |       |     1 ||     1
   Cast: Freeze            |       |       |       |     1 ||     1
Ability: Evoke Invisibilit |       |       |     2 |       ||     2
         Lunge             |       |       |       |     5 ||     5
         Whirlwind         |       |       |       |    14 ||    14
         Wall Jump         |       |       |       |     1 ||     1
  Evoke: Wand              |       |       |     2 |    22 ||    24
    Use: Scroll            |     4 |     3 |    12 |     8 ||    27
         Potion            |     1 |     5 |     2 |     9 ||    17
   Stab: Sleeping          |       |     2 |     3 |     2 ||     7
         Invisible         |       |       |     4 |     4 ||     8
         Distracted        |       |       |       |     2 ||     2
         Paralysed         |       |       |       |     3 ||     3
 Armour: Robe              |    27 |    12 |       |    71 ||   110
         Animal skin       |       |    50 |    67 |    59 ||   176
         Skin              |       |       |       |     1 ||     1
  Dodge: Dodged            |    38 |    54 |    66 |   204 ||   362
  Block: Kite shield       |    37 |    58 |   100 |   362 ||   557
         Reflection        |       |       |     3 |    19 ||    22

Table legend: (Time is in decaauts)
 A = Elapsed time spent in this place.
 B = Non-inter-level travel time spent in this place.
 C = Inter-level travel time spent in this place.
 D = Time resting spent in this place.
 E = Time spent auto-exploring this place.
 F = Levels seen in this place.
 G = Mean time per level.
                   A        B        C        D        E       F      G
               +--------+--------+--------+--------+--------+-----+--------+
         Total |  19844 |  19281 |    563 |   7235 |   5243 |  13 | 1526.5 |
       Dungeon |  14465 |  13923 |    542 |   4187 |   4413 |  10 | 1446.5 |
        Temple |     45 |     45 |      0 |      0 |      0 |   1 |   45.0 |
          Lair |   5333 |   5312 |     21 |   3048 |    830 |   2 | 2666.5 |
               +--------+--------+--------+--------+--------+-----+--------+

Top non-repeatable levels by time:
  Lair:1: 3265 daAuts
    D:10: 2132 daAuts
  Lair:2: 2067 daAuts
     D:9: 1844 daAuts
     D:8: 1821 daAuts
     D:7: 1553 daAuts
     D:6: 1483 daAuts
     D:2: 1436 daAuts
     D:3: 1200 daAuts
     D:1: 1089 daAuts
     D:4: 1028 daAuts
     D:5: 877 daAuts
  Temple: 45 daAuts
